 Dungeon Crawl Stone Soup version 0.17-a0-744-gaa96792 (webtiles) character file.

291 oplop the Sneak (level 6, 0/39 HPs)
             Began as a Kobold Assassin on Apr 21, 2015.
             Succumbed to an orc wizard's poison
             ... on level 4 of the Dungeon.
             The game lasted 00:06:02 (3365 turns).

oplop the Sneak (Kobold Assassin)                   Turns: 3365, Time: 00:06:02

Health: 0/39       AC:  4    Str: 14    XL:     6   Next: 58%
Magic:  6/6        EV: 17    Int:  9    God:
Gold:   88         SH:  0    Dex: 20    Spells: 0 memorised, 5 levels left

rFire  . . .     SeeInvis .     v - +1 dagger (venom)
rCold  . . .     Clarity  .     c - +0 robe
rNeg   . . .     SustAb   +     (shield restricted)
rPois  .         Gourm    .     (no helmet)
rElec  .         Spirit   .     d - +0 cloak
rCorr  .         Warding  .     p - +0 pair of gloves
rMut   .         Stasis   .     (no boots)
MR     .....                    (no amulet)
Stlth  +++.......               t - ring of loudness (curse)
                                n - ring of sustain abilities

@: mighty, lethally poisoned (0 -> -13), not resistant to hostile enchantments,
fairly stealthy
A: carnivore 3
a: no special abilities


You were on level 4 of the Dungeon.
You were very full.

You visited 1 branch of the dungeon, and saw 4 of its levels.

You collected 88 gold pieces.

Inventory:

Hand weapons
 a - a +2 dagger
 b - a +0 blowgun
 v - a +1 dagger of venom (weapon)
Missiles
 e - 8 poisoned needles
 u - a throwing net (quivered)
Armour
 c - a +0 robe (worn)
 d - a +0 cloak (worn)
 p - a +0 pair of gloves (worn)
Jewellery
 n - a ring of sustain abilities (left hand)
 t - a cursed ring of loudness (right hand)
Scrolls
 g - 2 scrolls of remove curse {unknown}
 h - 2 scrolls of identify {unknown}
 i - 4 scrolls of recharging {unknown}
 j - a scroll of teleportation {unknown}
 r - a scroll of blinking {unknown}
 s - a scroll of immolation {unknown}
Comestibles
 f - 2 meat rations
 k - a beef jerky
 q - 2 chunks of flesh


   Skills:
 + Level 4.3 Fighting
 + Level 4.4 Short Blades
 - Level 2.6 Throwing
 - Level 3.7 Dodging
 + Level 5.9 Stealth


You had 5 spell levels left.
You didn't know any spells.

Dungeon Overview and Level Annotations

Branches:
Dungeon (4/15)
 Temple: D:4-7

Altars:
Gozag
Makhleb
Zin


Innate Abilities, Weirdness & Mutations

You are small and have problems with some larger weapons.
You are carnivorous and can eat meat at any time.


Message History

The giant frog skeleton barely misses you.
You puncture the giant frog skeleton!
* * * LOW HITPOINT WARNING * * *
You feel sick.
The giant frog skeleton barely misses you.
You hit the giant frog skeleton.
* * * LOW HITPOINT WARNING * * *
You feel sick.
The giant frog skeleton completely misses you.
You puncture the giant frog skeleton!
* * * LOW HITPOINT WARNING * * *
You feel sick. The giant frog skeleton hits you.
* * * LOW HITPOINT WARNING * * *
You puncture the giant frog skeleton!
* * * LOW HITPOINT WARNING * * *
You feel sick.
The giant frog skeleton hits you but does no damage.
You puncture the giant frog skeleton!
You destroy the giant frog skeleton!
You die...

#..##.##.###.....#
#........# ...
#.#...#### # ###
#......#### ..#
#......##.. #.#
#......##.# #.#
#.#r{.###.# #.# #.##)##
#.# #.# #.##@# #.# #.#
#.##.# #.# . #.# #.##.#
#.#
..######.####.##.####.#
.........(............#
.....<##########..#####
#####.# ##.# #.# #.#
#.# #.#


You could see a rat.

Vanquished Creatures
  3 orc wizards
  A giant frog skeleton (D:4)
  Jessica (D:2)
  A worker ant (D:4)
  3 adders (D:3)
  5 worms
  A giant gecko (D:3)
  6 orcs
  A ball python (D:1)
  6 bats
  A giant cockroach (D:3)
  4 goblins
  16 hobgoblins
  11 jackals
  5 kobolds
  2 giant newts (D:2)
  A quokka (D:2)
  5 rats
73 creatures vanquished.

Notes
Turn   | Place    | Note
--------------------------------------------------------------
     0 | D:1      | oplop, the Kobold Assassin, began the quest for the Orb.
     0 | D:1      | Reached XP level 1. HP: 12/12 MP: 1/1
   262 | D:1      | Reached skill level 1 in Short Blades
   262 | D:1      | Reached XP level 2. HP: 6/18 MP: 2/2
  1114 | D:2      | Reached XP level 3. HP: 3/22 MP: 3/3
  1729 | D:2      | Noticed Jessica
  1743 | D:2      | Killed Jessica
  1743 | D:2      | Reached XP level 4. HP: 21/28 MP: 4/4
  1899 | D:2      | Found a burning altar of Makhleb.
  1900 | D:2      | Found a glowing silver altar of Zin.
  2505 | D:3      | Found an opulent altar of Gozag.
  2583 | D:3      | Reached XP level 5. HP: 31/33 MP: 5/5
  3083 | D:3      | Reached XP level 6. HP: 38/38 MP: 6/6
  3364 | D:4      | HP: 1/38 [poisoned by an orc wizard]
  3365 | D:4      | Succumbed to an orc wizard's poison

Action                   |  1- 3 |  4- 6 || total
-------------------------+-------+-------++-------
Melee: Dagger            |   101 |   167 ||   268
 Fire: Blowgun           |    15 |    10 ||    25
  Use: Potion            |       |     5 ||     5
 Stab: Sleeping          |     4 |    12 ||    16
       Distracted        |       |     1 ||     1
       Invisible         |       |     1 ||     1
  Eat: Chunk             |    10 |     5 ||    15
